 Dungeon Crawl Stone Soup version 0.20.1-1-g8b1a95d (webtiles) character file.

203 Monsterracer the Conjurer (level 5, -6/38 HPs)
             Began as a Draconian Conjurer on Aug 21, 2017.
             Mangled by manon's ghost (12 damage)
             ... on level 4 of the Dungeon.
             The game lasted 00:08:18 (3059 turns).

Monsterracer the Conjurer (Draconian Conjurer)      Turns: 3059, Time: 00:08:19

Health: -6/38      AC:  5    Str: 10    XL:     5   Next: 51%
Magic:  1/10       EV: 12    Int: 16    God:
Gold:   261        SH:  0    Dex: 12    Spells: 3/10 levels left

rFire    . . .     SeeInvis .   a - +0 dagger (venom)
rCold    . . .     Gourm    .   (no shield)
rNeg     . . .     Faith    .   (armour unavailable)
rPois    .         Spirit   .   (helmet restricted)
rElec    .         Reflect  .   (no cloak)
rCorr    .         Harm     .   (no gloves)
MR       .....                  (no boots)
Stlth    ++........             e - amulet of regeneration
Regen    0.6/turn               (no ring)
MPRegen  0.2/turn               (no ring)

@: no status effects
A: unfitting armour, cold-blooded, AC +5
a: no special abilities


You were on level 4 of the Dungeon.
You were hungry.

You visited 1 branch of the dungeon, and saw 4 of its levels.

You collected 261 gold pieces.

Inventory:

Hand Weapons
 a - a +0 dagger of venom (weapon)
 b - a +0 quarterstaff of holy wrath
 t - a +0 dagger of distortion
Jewellery
 e - an amulet of regeneration (around neck)
 u - an uncursed ring of ice
Wands
 v - a wand of random effects (48/48)
Scrolls
 d - a scroll of teleportation
 i - 3 scrolls of remove curse
 l - a scroll of recharging
Potions
 c - 3 potions of degeneration {unknown}
 h - 3 potions of curing {unknown}
 j - a potion of might {unknown}
 n - 2 potions of heal wounds {unknown}
 s - 2 potions of brilliance {unknown}
Books
 r - a book of Conjurations

   Spells                             Type                      Level
   a - Magic Dart                     Conjuration                  1
   b - Searing Ray                    Conjuration                  2
   c - Dazzling Spray                 Conjuration/Hexes            3
   d - Fulminant Prism                Conjuration/Hexes            4
   e - Force Lance                    Conjuration/Translocation    4
   f - Iskenderun's Mystic Blast      Conjuration                  4
Comestibles
 f - 2 fruits
 g - a meat ration
 o - a royal jelly
 p - 3 bread rations


   Skills:
 - Level 1.7 Dodging
 - Level 1.7 Stealth
 + Level 3.3 Spellcasting
 * Level 6.1 Conjurations


You had 3 spell levels left.
You knew the following spells:

 Your Spells              Type           Power        Failure   Level  Hunger
a - Magic Dart            Conj           ###.         1%          1    None
b - Searing Ray           Conj           ###...       2%          2    ##.....
c - Iskenderun's Mystic   Conj           ###.....     14%         4    ####...


Dungeon Overview and Level Annotations

Branches:
Dungeon (4/15)             Temple (0/1) D:4

Altars:
Gozag
The Shining One

Annotations:
D:4 Ijyb; manon's ghost, amateur GrFi


Innate Abilities, Weirdness & Mutations

Your plain brown scales are hard. (AC +5)
You cannot fit into any form of body armour.
You are cold-blooded and may be slowed by cold attacks.


Message History

Manon's ghost hits you!
Huge Dmg: -31%(-12hp) hp: 64%(24hp)
The searing ray hits manon's ghost.
Manon's ghost is moderately damaged.
Manon's ghost hits you.
* * * LOW HITPOINT WARNING * * *
Huge Dmg: -14%(-5hp) hp: 50%(19hp)
The searing ray hits manon's ghost.
Manon's ghost is heavily damaged.
* * * LOW MAGIC WARNING * * *
Manon's ghost hits you!
* * * LOW HITPOINT WARNING * * *
Huge Dmg: -36%(-14hp) hp: 14%(5hp)
The searing ray hits manon's ghost.
Manon's ghost is heavily damaged.
The searing ray hits Ijyb.
Ijyb is almost dead.
* * * LOW MAGIC WARNING * * *
You finish channeling your searing ray.
Manon's ghost hits you!
You die...

,,,,,,,,,,,,,,,,*##+##*,,,.,,*
,,**+****+****,,**,,,,,,,,,,,* *
****,***,,****,,**,,,,,.,,,,,* *
,,,*,,,+,,,,,,,,,.......,,,,*****
,,,*,,,*,,,,,,,,,......,,,,,**,,*
,****+**,,>,*#####...#*,,,,,**,,*
,***,,**,,,,*#..##...##,,,,,**,,*
,*,,,,,+,,,,,#...#....#,,,,,,,,,,
,+,,,,**,,,,*#..@Wg...#,,,,,,,,,,
,***,,*******#..##....#,,,,,,>,,,
,***,,**,...##..##....#,,,,,**,,*
,,,*,,+,$.............#,,,,,**,,*
,,,*,,*,..............#,,,,,,*,,,
,,,*,,*,....##..##....#,,,,,,*,,,
****,,**....*#####....#,,,,,**,,*
,***>,**...,**,,,....##,,,,,**+**
,*,,,,**##*+**,,*#...#*,,,,,**,,,


You could see Ijyb and manon's ghost.

Vanquished Creatures
  The ghost of Thomus the Chopper, an amateur MiBe of Trog (D:3)
  A worker ant (D:4)
  An adder (D:2)
  A worm (D:2)
  3 dart slugs
  3 leopard geckos
  An orc (D:3)
  8 giant cockroaches
  10 hobgoblins
  2 jackals (D:1)
  7 kobolds
  A quokka (D:2)
  6 bats
  5 frilled lizards
  7 goblins
  A jackal skeleton (D:3)
  A leopard gecko skeleton (D:4)
  11 rats
70 creatures vanquished.

Notes
Turn   | Place    | Note
-------+----------+-------------------------------------------
     0 | D:1      | Monsterracer the Draconian Conjurer began the quest for the Orb.
     0 | D:1      | Reached XP level 1. HP: 14/14 MP: 3/3
    30 | D:1      | HP: 7/14 [kobold (1)]
    39 | D:1      | HP: 6/14 [kobold (1)]
    44 | D:1      | HP: 5/14 [bat (1)]
    59 | D:1      | HP: 5/14 [bat (1)]
   489 | D:1      | Reached XP level 2. HP: 20/20 MP: 0/5
   496 | D:1      | Learned a level 2 spell: Searing Ray
  1104 | D:1      | Reached XP level 3. HP: 26/26 MP: 2/6
  1692 | D:2      | Found an opulent altar of Gozag.
  1783 | D:2      | Found a glowing golden altar of the Shining One.
  1802 | D:2      | Reached skill level 5 in Conjurations
  2029 | D:2      | HP: 11/26 [worm (5)]
  2313 | D:2      | Reached XP level 4. HP: 22/33 MP: 5/8
  2339 | D:2      | Learned a level 4 spell: Iskenderun's Mystic Blast
  2486 | D:3      | Noticed Thomus's ghost (amateur MiBe)
  2512 | D:3      | HP: 16/33 [Thomus's ghost (7)]
  2516 | D:3      | Killed Thomus's ghost
  2516 | D:3      | Reached XP level 5. HP: 13/38 MP: 0/9
  2774 | D:3      | Reached skill level 6 in Conjurations
  3023 | D:4      | Noticed Ijyb
  3054 | D:4      | Noticed manon's ghost (amateur GrFi)
  3057 | D:4      | HP: 19/38 [manon's ghost (6)]
  3058 | D:4      | HP: 5/38 [manon's ghost (14)]
  3059 | D:4      | Mangled by manon's ghost

Skill      XL: |  1  2  3  4  5 |
---------------+----------------+-----
Conjurations   | 5 6 |  6.1
Spellcasting   | 3 |  3.3
Dodging        | |  1.7
Stealth        | |  1.7

Action                   |  1- 3 |  4- 6 || total
-------------------------+-------+-------++-------
Melee: Unarmed           |    34 |       ||    34
       Tailslap          |     8 |     6 ||    14
       Whip              |    59 |       ||    59
       Club              |     3 |       ||     3
       Dagger            |    39 |    61 ||   100
       Short sword       |     7 |       ||     7
       Quarterstaff      |       |     5 ||     5
 Cast: Magic Dart        |    44 |     4 ||    48
       Searing Ray       |       |     4 ||     4
  Use: Scroll            |     1 |     5 ||     6
 Stab: Sleeping          |     1 |     3 ||     4
  Eat: Chunk             |     5 |     2 ||     7
Armor: Skin              |    47 |    24 ||    71
Dodge: Dodged            |   112 |    53 ||   165
